 Dungeon Crawl Stone Soup version 0.31.0-32-g396128a36d (webtiles) character file.

Game seed: 12100048780138131234

8166 mainiacjoe the Nimble (level 11, -2/77 HPs)
             Began as an Octopode Hexslinger on Apr 1, 2024.
             Was a Follower of Dithmenos.
             Slain by a cane toad (14 damage)
             ... on level 8 of the Dungeon on Apr 3, 2024.
             The game lasted 00:32:26 (11583 turns).

mainiacjoe the Nimble (Octopode Hexslinger)        Turns: 11583, Time: 00:32:27

Health: -2/77      AC:  8    Str:  7    XL:     11   Next: 26%
Magic:  15/15      EV: 18    Int: 20    God:    Dithmenos [*.....]
Gold:   510        SH:  9    Dex: 21    Spells: 4/16 levels left

rFire   . . .        b - +4 short sword (protect)
rCold   + . .        t - +3 buckler of Hairiness {rC+ Stlth+}
rNeg    . . .        (helmet restricted)
rPois   .            B - amulet of the acrobat
rElec   .            d - ring of see invisible
rCorr   .            m - +4 ring of slaying
SInv    +            j - +6 ring of dexterity
Will    .....        (no ring)
Stlth   +++++++      (no ring)
HPRegen 0.32/turn    (no ring)
MPRegen 0.14/turn    (no ring)
                     (no ring)

%: acrobat
@: under a protective aura, wreathed by umbra
A: almost no armour, amphibious, 8 rings, camouflage 1, gelatinous body 1,
(nimble swimmer 1), tentacles
a: Renounce Religion


You were on level 8 of the Dungeon.
You worshipped Dithmenos.
Dithmenos was aware of your devotion.
You visited 3 branches of the dungeon, and saw 11 of its levels.
You also visited: Ossuary.

You collected 528 gold pieces.
You spent 18 gold pieces at shops.

Inventory:

Hand Weapons
 a - a +1 sling of flaming
 b - a +4 short sword of protection (weapon)
 w - a +0 dagger of protection
Missiles
 e - 139 stones
 h - 19 poisoned darts
 r - 5 boomerangs
 C - 3 throwing nets {=F}
Armour
 t - the +3 buckler of Hairiness (worn) {rC+ Stlth+}
   (You acquired it on level 7 of the Dungeon)

   rC+:       It protects you from cold.
   Stlth+:    It makes you more stealthy.
Jewellery
 d - a ring of see invisible (left tentacle)
 j - a +6 ring of dexterity (on tentacle)
 m - a +4 ring of slaying (right tentacle)
 B - an amulet of the acrobat (around mantle)
 D - an amulet of faith
Wands
 n - a wand of iceblast (8)
 o - a wand of flame (14)
 u - a wand of quicksilver (22)
Scrolls
 f - a scroll of teleportation
 g - 6 scrolls of poison
 k - a scroll of immolation
 y - a scroll of brand weapon
 G - a scroll of vulnerability
Potions
 c - 2 potions of resistance
 i - 2 potions of might
 l - a potion of magic
 p - 3 potions of attraction
 q - 2 potions of curing
 s - a potion of cancellation
 v - 2 potions of heal wounds
 x - 4 potions of invisibility
 z - 3 potions of lignification
 A - a potion of haste
 E - a potion of mutation
 F - 2 potions of enlightenment


   Skills:
 + Level 8.0 Fighting
 + Level 3.3 Short Blades
 - Level 6.0 Ranged Weapons
 + Level 8.2 Dodging
 + Level 7.0 Stealth
 - Level 5.0 Shields
 - Level 3.0 Spellcasting
 - Level 8.0 Hexes
 - Level 3.0 Fire Magic


You had 4 spell levels left.
You knew the following spells:

 Your Spells              Type           Power      Damage    Failure   Level
a - Jinxbite              Hex            70%        N/A       1%          2
b - Sigil of Binding      Hex            35%        N/A       2%          3
c - Inner Flame           Hex/Fire       25%        N/A       7%          3
d - Cause Fear            Hex            17%        N/A       8%          4

Your spell library contained the following spells:

 Spells                   Type           Power      Damage    Failure   Level
 Magic Dart               Conj           12%        1d3       22%         1
 Sandblast                Erth           6%         2d5       22%         1
 Mercury Vapours          Alch/Air       6%         N/A       32%         2
 Momentum Strike          Conj/Tloc      6%         3d8       32%         2
 Searing Ray              Conj           6%         2d4       32%         2
 Dimensional Bullseye     Hex/Tloc       9%         N/A       38%         4
 Fugue of the Fallen      Necr           3%         N/A       54%         3
 Mephitic Cloud           Conj/Alch/Air  3%         N/A       54%         3
 Ozocubu's Armour         Ice            3%         N/A       54%         3
 Passwall                 Erth           3%         N/A       54%         3
 Stone Arrow              Conj/Erth      6%         3d7       54%         3
 Brom's Barrelling Bould  Conj/Erth      3%         2d3       91%         4
 Fulminant Prism          Conj/Alch      1%         3d5       91%         4
 Leda's Liquefaction      Alch/Erth      1%         N/A       91%         4
 Manifold Assault         Tloc           3%         N/A       91%         4
 Fireball                 Conj/Fire      4%         3d4       97%         5
 Freezing Cloud           Conj/Ice/Air   1%         6-21      99%         5
 Lee's Rapid Deconstruct  Erth           1%         3d4*      99%         5
 Bombard                  Conj/Erth      1%         9d1       100%        6
 Starburst                Conj/Fire      4%         6d4       100%        6


Dungeon Overview and Level Annotations

Branches:
Dungeon (9/15)             Temple (1/1) D:5            Lair (1/5) D:8
Ossuary (visited)
    Orc: D:9-12

Altars:
Ashenzari
Cheibriados
Dithmenos
Elyvilon
Fedhas
Gozag
Hepliaklqana
Kikubaaqudgha
Makhleb
Nemelex Xobeh
Okawaru
Qazlal
Ru
Sif Muna
Trog
Uskayaw
Wu Jian
Xom
Yredelemnul
Zin
The Shining One

Shops:
D:4 *[

Annotations:
D:3 1 runed translucent door, Crazy Yiuf
D:4 Dowan, Duvessa


Innate Abilities, Weirdness & Mutations

You cannot wear most types of armour.
You are amphibious.
You can wear up to eight rings at the same time.
Your skin changes colour to match your surroundings (Stealth+).
Your rubbery body absorbs attacks. (AC +1, EV +1)
((You are camouflaged when in or above water. (Stealth+)))
You have tentacles for arms and can constrict up to eight enemies at once.


Message History

The bullfrog hits you. The cane toad stings you! The bullfrog hits you.
The cane toad stings you. The bullfrog hits you. The cane toad stings you.
The bullfrog hits you but does no damage.
The bullfrog hits you. The cane toad stings you! The bullfrog hits you.
The cane toad stings you!! The bullfrog hits you!
* * * LOW HITPOINT WARNING * * *
The cane toad stings you!
* * * LOW HITPOINT WARNING * * *
The bullfrog completely misses you. The cane toad stings you.
* * * LOW HITPOINT WARNING * * *
The bullfrog hits you!
* * * LOW HITPOINT WARNING * * *
You turn to flesh and can move again.
There is a staircase to the Lair, spattered with blood here.
Unknown command.
Unknown command.
You hit the cane toad.
Your weapon exudes an aura of protection.
You grab the cane toad. You squeeze the cane toad.
The cane toad is lightly wounded.
You constrict the cane toad, but do no damage.
You block the cane toad's attack. You block the bullfrog's attack.
You hit the cane toad but do no damage.
The cane toad is lightly wounded.
You constrict the cane toad. The bullfrog completely misses you.
The cane toad stings you but does no damage.
You puncture the cane toad!
The cane toad is moderately wounded.
You constrict the cane toad, but do no damage.
The bullfrog hits you.
* * * LOW HITPOINT WARNING * * *
The cane toad closely misses you.
You hit the cane toad but do no damage. You squeeze the cane toad.
The cane toad is heavily wounded.
You constrict the cane toad.
The bullfrog hits you but does no damage.
The cane toad stings you!
You die... ########### ##PPP...P..## ##PPPPPP..F.P#

##..PPPP.รท@.P.#
#######....PPP..FPPP#
#............P.P..PP#
..#######......PPP.P#
.## ##...P..PP.## .#
###.....### .#
###..## ## ##.# # #.#


You could see a cane toad and a bullfrog.

Vanquished Creatures
  3 two-headed ogres
  2 black mambas (D:8)
  2 komodo dragons
  A hornet (D:9)
  Grinder (D:5)
  Eustachio (D:5)
  A wyvern (Lair:1)
  6 yaks
  A steam dragon (D:8)
  3 water moccasins
  An acid dragon (D:8)
  A black bear (D:5)
  An ice beast (D:6)
  2 sky beasts
  2 orc warriors
  2 ogres
  5 centaurs
  A kobold brigand (D:7)
  2 scorpions
  7 water moccasin zombies (Ossuary)
  2 bullfrogs
  A burial acolyte (Ossuary)
  3 electric eels (D:8)
  5 howler monkeys
  A bombardier beetle (D:4)
  2 hounds
  3 jellies
  2 orc priests (D:6)
  2 spectral scorpions (Ossuary)
  2 sleepcaps
  Jessica (D:3)
  Ijyb (D:2)
  10 iguanas
  Natasha (thrice) (D:3)
  3 orc wizards
  A bullfrog simulacrum (Ossuary)
  2 mummies (Ossuary)
  7 adders
  4 adder zombies (Ossuary)
  A ribbon worm (D:8)
  2 dart slugs
  16 orcs
  7 endoplasms
  4 giant cockroaches
  7 gnoll zombies (Ossuary)
  5 goblins
  4 hobgoblins
  3 jackals (D:1)
  2 quokkas
  3 ball pythons
  7 bats
  3 frilled lizards (D:2)
  4 jackal zombies (Ossuary)
  20 kobolds
  5 orc zombies (Ossuary)
  4 rats
197 creatures vanquished.

Notes
Turn   | Place    | Note
-------+----------+-------------------------------------------
     0 | D:1      | mainiacjoe the Octopode Hexslinger began the quest for the
                  | Orb.
     0 | D:1      | Reached XP level 1. HP: 13/13 MP: 2/2
   161 | D:1      | Reached XP level 2. HP: 18/18 MP: 4/4
   164 | D:1      | Learned a level 2 spell: Jinxbite
   257 | D:1      | Got Jyucaedori's Precepts of Momentum and the Fault
   446 | D:1      | Reached XP level 3. HP: 23/23 MP: 4/6
   452 | D:1      | Learned a level 3 spell: Sigil of Binding
  1503 | D:3      | Noticed Natasha
  1503 | D:3      | Noticed Ijyb
  1522 | D:2      | Killed Ijyb
  1523 | D:2      | Reached XP level 4. HP: 12/28 MP: 5/7
  1693 | D:3      | Killed Natasha
  1703 | D:3      | Noticed Natasha
  1714 | D:3      | Killed Natasha
  1715 | D:3      | Reached XP level 5. HP: 14/33 MP: 8/8
  1774 | D:3      | Noticed Natasha
  1780 | D:3      | Killed Natasha
  1817 | D:3      | Found a faded altar of an unknown god.
  1871 | D:3      | Noticed Jessica
  1873 | D:3      | Killed Jessica
  2423 | D:3      | Found a runed translucent door.
  2424 | D:3      | Noticed Crazy Yiuf
  2584 | D:4      | Reached XP level 6. HP: 37/38 MP: 3/9
  2693 | D:4      | Reached skill level 5 in Hexes
  2701 | D:4      | Learned a level 3 spell: Inner Flame
  2708 | D:4      | Noticed Duvessa
  2827 | D:4      | Noticed Dowan
  3114 | D:4      | Found a stormy altar of Qazlal.
  3117 | D:4      | Noticed a fire elemental
  3117 | D:4      | Noticed an air elemental
  3117 | D:4      | Noticed a water elemental
  3293 | D:4      | Found Duqumim's Armour Emporium.
  3293 | D:4      | Noticed an animated storm dragon scales
  3293 | D:4      | Noticed an animated pearl dragon scales
  3306 | D:4      | Reached XP level 7. HP: 43/43 MP: 10/10
  3346 | D:4      | Found Kilomutsa's CLEARANCE SALE!.
  3356 | D:4      | Bought a potion of attraction for 6 gold pieces
  3356 | D:4      | Bought a scroll of identify for 4 gold pieces
  3356 | D:4      | Bought a scroll of poison for 8 gold pieces
  3669 | D:5      | Entered Level 5 of the Dungeon
  3719 | D:5      | Reached skill level 5 in Ranged Weapons
  3722 | D:5      | Noticed Eustachio
  3815 | D:5      | Noticed Grinder
  3827 | D:5      | Killed Grinder
  3841 | D:5      | Learned a level 4 spell: Cause Fear
  4021 | D:5      | Reached XP level 8. HP: 48/48 MP: 12/12
  4048 | D:5      | Found a sand-covered staircase.
  4053 | Ossuary  | Entered an ossuary
  4769 | D:5      | Found a staircase to the Ecumenical Temple.
  4778 | Temple   | Entered the Ecumenical Temple
  4807 | Temple   | Became a worshipper of Dithmenos the Shadowed
  4884 | D:5      | Found a shimmering altar of Xom.
  5234 | D:5      | Killed Eustachio
  5322 | D:6      | Reached XP level 9. HP: 40/58 MP: 13/13
  5409 | D:6      | Found a hide-covered altar of Uskayaw.
  5485 | D:6      | Found a shimmering blue altar of Sif Muna.
  5533 | D:6      | Reached skill level 5 in Dodging
  5810 | D:6      | Reached skill level 5 in Fighting
  7104 | D:7      | Identified a scroll of acquirement
  7104 | D:7      | Acquired the +3 buckler of Hairiness {rC+ Stlth+}
  7142 | D:7      | Reached skill level 1 in Shields
  7527 | D:8      | Noticed a two-headed ogre
  7533 | D:8      | Killed a two-headed ogre
  7534 | D:8      | Reached skill level 5 in Shields
  7534 | D:8      | Reached XP level 10. HP: 69/69 MP: 10/14
  7538 | D:8      | Noticed a two-headed ogre
  7775 | D:8      | Found a snail-covered altar of Cheibriados.
  8122 | D:8      | Found a blossoming altar of Fedhas.
  8186 | D:8      | Reached * piety under Dithmenos
  8266 | D:8      | Found a staircase to the Lair.
  8413 | D:8      | Found a broken altar of Ashenzari.
  8918 | D:8      | Killed a two-headed ogre
  9498 | D:9      | Reached skill level 5 in Stealth
 10365 | D:9      | Noticed a two-headed ogre
 10375 | D:9      | Killed a two-headed ogre
 10376 | D:9      | Reached skill level 1 in Short Blades
 10405 | D:9      | Noticed a meliai
 10489 | D:9      | Noticed a cyclops
 10736 | Lair:1   | Entered Level 1 of the Lair of Beasts
 10755 | Lair:1   | Reached XP level 11. HP: 51/75 MP: 7/15
 11583 | D:8      | Slain by a cane toad

Illustrated notes

Levels and vault maps discovered:
D:1:      minmay_arrival_loop, layout_rooms
D:2:      layout_loops_corners, minmay_pentomino_u4
D:3:      layout_loops_ring, shapermc_ecumenical_altar_acropolis, uniq_natasha,
          uniq_crazy_yiuf_cottage, uniq_ijyb, uniq_jessica
D:4:      layout_loops_ring, nicolae_qazlal_style_of_elements, serial_shops,
          nicolae_shop_mannequins, serial_glass, glass_columns_a,
          glass_columns_b, glass_columns_a, glass_columns_a,
          nicolae_shop_clearance, uniq_duvessa
D:5:      layout_basic, lemuel_doored_altar, minmay_temple_entry_junction,
          nicolae_ossuary_entry_false_entrances, chequers_decorated_corner,
          uniq_eustachio, uniq_grinder
D:6:      layout_loops_ring, hellmonk_sif_muna_bookshelves,
          mainiacjoe_overflow_alcove_2
D:7:      layout_loops_ring, grunt_ministairs_4,
          serial_library_regret_index_small_wings
D:8:      layout_cave_pools, fedhas_altar_4, cheibrodos_worm_habitat,
          mainiacjoe_overflow_alcove_1, david_lair_shrubbed, serial_bayou_lake_a
D:9:      kennysheep_blocky_room, layout_grid_maze, uniq_grum
Temple:   compressed_dpeg_circular_temple
Lair:1:   statuecave_lemuel, layout_long_grid, grunt_megastairs_3, uniq_harold

Skill      XL: |  1  2  3  4  5  6  7  8  9 10 11 |
---------------+----------------------------------+-----
Spellcasting   | 2 3 |  3.0
Ranged Weapons | 3 4 5 6 |  6.0
Hexes          | 4 5 6 7 8 |  8.0
Fire Magic     | 2 3 |  3.0
Fighting       | 4 6 7 8 |  8.0
Dodging        | 4 6 7 8 |  8.2
Shields        | 5 |  5.0
Stealth        | 2 5 7 |  7.0
Short Blades   | 2 3 |  3.3

Action                     |  1- 3 |  4- 6 |  7- 9 | 10-12 || total
---------------------------+-------+-------+-------+-------++-------
  Melee: Quarterstaff      |     4 |       |       |       ||     4
         Tentacles         |     8 |     3 |    23 |    33 ||    67
         Constrict         |     4 |     4 |    19 |    11 ||    38
         Short sword       |    16 |     9 |    79 |    87 ||   191
         Punch             |     1 |       |     4 |     3 ||     8
   Fire: Sling             |    90 |    87 |   185 |   114 ||   476
   Cast: Jinxbite          |     1 |     3 |     2 |     1 ||     7
         Sigil of Binding  |       |     2 |     2 |     7 ||    11
         Inner Flame       |       |       |    12 |    14 ||    26
         Cause Fear        |       |       |       |     7 ||     7
  Evoke: Wand              |       |       |       |     3 ||     3
    Use: Scroll            |     7 |     4 |     7 |     5 ||    23
         Potion            |       |       |     1 |     2 ||     3
   Stab: Sleeping          |       |       |     3 |       ||     3
 Armour: Skin              |    27 |    18 |    76 |    73 ||   194
  Dodge: Dodged            |    42 |    32 |    82 |   128 ||   284
  Block: Buckler           |       |       |     3 |    81 ||    84
